 Dungeon Crawl Stone Soup version 0.32-a0-768-g0f6f1dd4b9 (webtiles) character file.

Game seed: 1714997092580531810

1664768 Berder the Infernalist (level 27, 228/228 HPs)
             Began as a Naga Fire Elementalist on Mar 17, 2024.
             Was the Champion of Vehumet.
             Escaped with the Orb
             ... and 3 runes on Mar 18, 2024!
             The game lasted 04:00:19 (69686 turns).

Berder the Infernalist (Naga Fire Elementalist)    Turns: 69686, Time: 04:00:19

Health: 228/228    AC: 29    Str: 11    XL:     27
Magic:  45/46      EV: 10    Int: 28    God:    Vehumet [******]
Gold:   4036       SH: 15    Dex: 18    Spells: 15/64 levels left

rFire   + + .        f - staff of fire
rCold   x . .        l - +2 kite shield {AC+3}
rNeg    . . .        H - +0 steam dragon scales
rPois   +            K - +1 hat of Slovenliness {*Corrode rElec Regen+ Dex+5}
rElec   +            a - +2 cloak
rCorr   .            R - +2 pair of gloves
SInv    +            h - +4 barding of Grace {+Blink}
Will    +++..        m - amulet of magic regeneration
Stlth   +            q - ring of the Mage {Wiz Archmagi}
HPRegen 1.38/turn    I - ring of fire
MPRegen 0.70/turn

%: corrode self (3%), wizardry (x1), archmagi
@: studying Long Blades, very slow
A: AC +9, large, see invisible, deformed body, poison resistance, slowness 2,
spit poison 1, naga tail 2, mutation resistance 1
0: Orb of Zot
}: 3/15 runes: decaying, serpentine, silver
a: Spit Poison, Renounce Religion, Evoke Blink


You escaped.
You worshipped Vehumet.
Vehumet was exalted by your worship.
You visited 10 branches of the dungeon, and saw 48 of its levels.
You also visited: Trove and Desolation.

You collected 7850 gold pieces.
You spent 3814 gold pieces at shops.

Inventory:

Hand Weapons
 c - the +7 long sword of the Immovable Knives {vamp, rPois rC+++ Str+4 Int-2}
   (You found it on level 1 of the Vaults)

   Str+4:     It affects your strength (+4).
   Int-2:     It affects your intelligence (-2).
   rC+++:     It renders you almost immune to cold.
   rPois:     It protects you from poison.
 N - the +9 staff of Olgreb {rPois∞}
   (You found it in the Desolation of Salt)

   Radiate:   It can be activated via the 'a'bility menu to radiate toxic
   energy, with effectiveness depending on Evocations skill.
   Alch:      It enhances your alchemy magic.
   rPois∞: It grants immunity to poison.
Armour
 a - a +2 cloak (worn)
 g - the +4 barding of Tomatuit {rN++}
   (You found it in a treasure trove)

   rN++:      It greatly protects you from negative energy.
 h - the +4 barding of Grace (worn) {+Blink}
   (You found it in a treasure trove)

   +Blink:    It lets you blink.
 l - a +2 kite shield of protection (worn)
 H - +0 steam dragon scales (worn)
 K - the +1 hat of Slovenliness (worn) {*Corrode rElec Regen+ Dex+5}
   (You found it on level 5 of the Vaults)

   Dex+5:     It affects your dexterity (+5).
   rElec:     It insulates you from electricity.
   Regen+:    It increases your rate of health regeneration.
   *Corrode:  It may corrode you when you take damage.
 R - a +2 pair of gloves (worn)
 V - a +2 helmet of intelligence
Magical Staves
 f - a staff of fire (weapon)
Jewellery
 i - the ring of the Hecatoncheires {*Corrode +Blink rElec rF+ Stlth+}
   (You found it in the Desolation of Salt)

   [ring of protection from fire]

   rF+:       It protects you from fire.
   rElec:     It insulates you from electricity.
   +Blink:    It lets you blink.
   *Corrode:  It may corrode you when you take damage.
   Stlth+:    It makes you more stealthy.
 m - an amulet of magic regeneration (around neck)
 q - the ring of the Mage (left hand) {Wiz Archmagi}
   (You found it on level 5 of the Vaults)

   [ring of wizardry]

   Wiz:       It improves your spell success rate.
   Archmagi:  It increases the power of your magical spells.
 I - a ring of fire (right hand)
 P - a ring of flight
 Q - the ring "Opugulax" {rF+ Str+3 Int+4 Dex+3}
   (You bought it in a shop on level 1 of the Snake Pit)

   [ring of protection from fire]

   Str+3:     It affects your strength (+3).
   Int+4:     It affects your intelligence (+4).
   Dex+3:     It affects your dexterity (+3).
   rF+:       It protects you from fire.
 T - the ring of Aleaq {rC++ Str+3 Dex+6}
   (You found it on level 5 of the Vaults)

   [ring of dexterity]

   Str+3:     It affects your strength (+3).
   Dex+6:     It affects your dexterity (+6).
   rC++:      It greatly protects you from cold.
Wands
 s - a wand of roots (43)
 B - a wand of digging (12)
 F - a wand of polymorph (5)
 J - a wand of paralysis (36)
 Z - a wand of quicksilver (23)
Scrolls
 b - 11 scrolls of fear
 d - 6 scrolls of poison
 e - 5 scrolls of amnesia
 n - 10 scrolls of vulnerability
 p - 3 scrolls of summoning
 t - 7 scrolls of immolation
 u - 2 scrolls of enchant armour
 v - 6 scrolls of blinking
 x - 13 scrolls of teleportation
 y - 7 scrolls of silence
 A - 7 scrolls of identify
 C - 9 scrolls of revelation
 E - 4 scrolls of fog
Potions
 j - 12 potions of curing
 k - 5 potions of enlightenment
 o - 2 potions of ambrosia
 r - 7 potions of haste
 w - 12 potions of heal wounds
 z - 2 potions of invisibility
 D - 3 potions of magic
 O - 8 potions of brilliance
 U - 3 potions of cancellation
 W - 2 potions of might
 X - 9 potions of mutation
 Y - 2 potions of resistance
Miscellaneous
 G - a phantom mirror
 L - a phial of floods
 M - a sack of spiders


   Skills:
 - Level 10.0 Fighting
 + Level 9.0 Dodging
 - Level 3.0 Stealth
 - Level 12.0 Shields
 + Level 19.3 Spellcasting
 + Level 26.1 Conjurations
 O Level 27 Fire Magic
 - Level 14.0 Earth Magic
 - Level 8.0 Evocations


You had 15 spell levels left.
You knew the following spells:

 Your Spells              Type           Power      Damage    Failure   Level
a - Lehudib's Crystal Sp  Conj/Erth      59%        10d14     1%          8
b - Ignition              Fire           92%        3d23      1%          8
c - Flame Wave            Conj/Fire      100%       2d21      0%          4
d - Fireball              Conj/Fire      92%        3d34      0%          5
e - Stone Arrow           Conj/Erth      100%       3d13      0%          3
f - Mephitic Cloud        Conj/Alch/Air  85%        N/A       1%          3
g - Fire Storm            Conj/Fire      92%        8d23      1%          9
h - Starburst             Conj/Fire      92%        6d23      0%          6
i - Passwall              Erth           100%       N/A       1%          3

Your spell library contained the following spells:

 Spells                   Type           Power      Damage    Failure   Level
 Foxfire                  Conj/Fire      100%       2x1d9     0%          1
 Kiss of Death            Conj/Necr      100%       2d13      0%          1
 Magic Dart               Conj           100%       1d8       0%          1
 Sandblast                Erth           100%       2d20      0%          1
 Sting                    Conj/Alch      100%       1d9       0%          1
 Scorch                   Fire           100%       2d9       0%          2
 Searing Ray              Conj           100%       2d8       0%          2
 Brom's Barrelling Bould  Conj/Erth      100%       2d11      0%          4
 Iskenderun's Battlesphe  Conj           100%       2d15      0%          5
 Freeze                   Ice            100%       1d10      1%          1
 Necrotise                Necr           100%       1d9       1%          1
 Mercury Vapours          Alch/Air       80%        N/A       1%          2
 Dazzling Flash           Conj/Hex       100%       N/A       1%          3
 Frozen Ramparts          Ice            80%        1d13      1%          3
 Hailstorm                Conj/Ice       100%       3d16      1%          3
 Inner Flame              Hex/Fire       100%       N/A       1%          3
 Volatile Blastmotes      Fire/Tloc      100%       2d18      1%          3
 Animate Armour           Summ/Erth      100%       N/A       1%          4
 Fulminant Prism          Conj/Alch      50%        3d22      1%          4
 Ignite Poison            Fire/Alch      100%       N/A       1%          4
 Iskenderun's Mystic Bla  Conj/Tloc      100%       2d19      1%          4
 Sticky Flame             Fire/Alch      100%       2d15      1%          4
 Freezing Cloud           Conj/Ice/Air   42%        6-21      1%          5
 Bombard                  Conj/Erth      59%        9d10      1%          6
 Spellforged Servitor     Conj/Summ      50%        N/A       1%          7
 Cigotuvi's Dreadful Rot  Necr/Alch/Air  80%        N/A       2%          2
 Ensorcelled Hibernation  Hex/Ice        80%        N/A       2%          2
 Sublimation of Blood     Necr           40%        N/A       2%          2
 Borgnjor's Vile Clutch   Necr/Erth      39%        N/A       2%          5
 Call Canine Familiar     Summ           40%        N/A       4%          3
 Confusing Touch          Hex            40%        N/A       4%          3
 Sigil of Binding         Hex            40%        N/A       4%          3
 Summon Ice Beast         Ice/Summ       40%        N/A       4%          3
 Swiftness                Air            40%        N/A       4%          3
 Tukima's Dance           Hex            40%        N/A       4%          3
 Vampiric Draining        Necr           40%        2d8       4%          3
 Olgreb's Toxic Radiance  Alch           40%        N/A       4%          4
 Anguish                  Hex/Necr       20%        N/A       16%         4
 Animate Dead             Necr           40%        N/A       16%         4
 Cause Fear               Hex            20%        N/A       16%         4
 Dimensional Bullseye     Hex/Tloc       20%        N/A       16%         4
 Dispel Undead            Necr           40%        3d16      16%         4
 Manifold Assault         Tloc           40%        N/A       16%         4
 Martyr's Knell           Necr/Summ      40%        N/A       16%         4
 Curse of Agony           Necr           40%        N/A       38%         5
 Metabolic Englaciation   Hex/Ice        20%        N/A       38%         5
 Silence                  Hex/Air        20%        N/A       38%         5
 Summon Forest            Summ/Tloc      20%        N/A       38%         5
 Summon Mana Viper        Hex/Summ       40%        N/A       38%         5
 Shatter                  Erth           51%        3d39*     65%         9
 Chain Lightning          Conj/Air       50%        3d66      77%         9
 Death Channel            Necr           20%        N/A       89%         6
 Dispersal                Tloc           20%        N/A       89%         6
 Sculpt Simulacrum        Ice/Alch       20%        N/A       89%         6
 Summon Cactus Giant      Summ           20%        N/A       89%         6
 Ozocubu's Refrigeration  Ice            20%        4d11      90%         7
 Polar Vortex             Ice            20%        12d2*     99%         9
 Enfeeble                 Hex            20%        N/A       100%        7
 Haunt                    Necr/Summ      20%        N/A       100%        7
 Summon Hydra             Summ           20%        N/A       100%        7
 Disjunction              Tloc           20%        N/A       100%        8
 Infestation              Necr           20%        N/A       100%        8
 Dragon's Call            Summ           20%        N/A       100%        9


Dungeon Overview and Level Annotations

Branches:
Dungeon (15/15)            Temple (1/1) D:7            Lair (5/5) D:11
  Swamp (4/4) Lair:3        Snake (4/4) Lair:3        Slime (0/5) Lair:4
    Orc (2/2) D:11            Elf (3/3) Orc:2        Vaults (5/5) D:13
  Crypt (0/3) Vaults:3     Depths (4/4) D:15            Zot (5/5) Depths:4
Desolation (visited)

Altars:
Ashenzari
Cheibriados
Dithmenos
Elyvilon
Fedhas
Gozag
Hepliaklqana
Kikubaaqudgha
Makhleb
Nemelex Xobeh
Okawaru
Qazlal
Ru
Sif Muna
Trog
Uskayaw
Vehumet
Wu Jian
Xom
Yredelemnul
Zin
The Shining One
Beogh

Shops:
D:1 *   D:5 [   D:6 (   D:9 [   Orc:2 [[=(   Elf:3 [   Snake:1 [=!:!
Vaults:1 [   Vaults:2 *   Vaults:4 ?   Vaults:5 *   Depths:4 =:=

Portals:
Hell: Depths:1 Depths:2 Depths:3 Depths:4
Abyss: Depths:3
Pandemonium: Depths:1 Depths:2 Depths:3
Ziggurat: Depths:1

Annotations:
D:3 Ijyb
D:6 4 runed translucent doors, Crazy Yiuf; RandomusNamus's ghost, novice DjCj
D:7 1 runed translucent door, aruru's ghost, novice OnWn
Lair:5 1 runed translucent door, exclusion: door
Snake:2 2 transporters, Pooter's ghost, adept MiBe
Elf:2 3 runed translucent doors
Vaults:4 3 runed translucent doors
Depths:3 1 transporter


Innate Abilities, Weirdness & Mutations

Your serpentine skin is tough. (AC +9)
You have supernaturally acute eyesight. (SInv)
Armour fits poorly on your strangely shaped body.
Your system is resistant to poisons. (rPois)
You cover ground very slowly.
You can spit poison.
You can use your snake-like lower body to constrict enemies.
You are somewhat resistant to further mutation.


Message History

You feel a huge surge of power!
A raging storm of fire appears!
The great blast of fire engulfs the reaper!!!!
You kill the reaper!
Vehumet accepts your kill.
You feel your power returning.
Your Dodging skill increases to level 9!
A green death comes into view.
The green death roars!
You can't go up here!
There is an escape hatch in the ceiling here.
The green death gestures at you. The poison arrow hits you!
You are poisoned.
You partially resist. A mysterious force pulls you upwards.
The hatch slams shut behind you.
You feel very sick.
You feel very sick.
You feel sick.
You feel sick.
You feel sick.
There is a stone staircase leading up here.
You feel sick.
You climb upwards.
You feel sick.
You are no longer poisoned.
There is a stone staircase leading down here.
Things that are here:
a +0 whip; a kobold skeleton HP restored.
Things that are here:
2 stones; a +0 whip; a kobold skeleton
Casting: Fire Storm (mildly dangerous; 1% risk of failure)
Confirm with . or Enter, or press ? or * to list all spells.
Aiming: Passwall (safe; 1% risk of failure)
Press: ? - help, Dir - move target A rock wall.
This square is covered in magical glow.
You feel a surge of power!
You begin to meditate on the wall.
You continue meditating on the rock. x2
You finish merging with the rock.
You have escaped!

.##.#...#..........# ###.##.#...
....#.#.#.#...#.#########.##.#...
....#.#.#.#...#.........÷.#......
....#.....#...############.......
....####.##...##ß≈≈≈≈≈≈≈ß#.......
###............#.........#.#..###
###...###+####.#.........#.#..###
......#.....##.#....ß....'.#.....
###.........##.#@...ß....'.#.....
..#............#......§..#.#.....
#.#....######..#...§§.§..#.#.....
..#....+.......#ß≈≈§§§≈≈ß#.......
...#...##...#..###########.......
........'........................
........#......####...#####......
........#......# #..............
........#......# #.#...##.......


There were no monsters in sight!

Vanquished Creatures
  2 dread liches
  5 ancient liches
  2 pandemonium lords (D:7)
  Mennas (Vaults:4)
  3 orbs of fire (Zot:5)
  the Lernaean hydra (Swamp:4)
  Parghit (Depths:3)
  Boris (twice) (Depths:3 Depths:4)
  Bai Suzhen (Snake:3)
  5 Killer Klowns (Zot:5)
  A curse toe (Zot:5)
  4 caustic shrikes (Depths:2)
  Margery (Depths:3)
  Jory (Vaults:4)
  11 golden dragons
  Nikola (Snake:2)
  2 electric golems (Zot:5)
  A Brimstone Fiend (Zot:5)
  15 tentacled monstrosities
  Zenata (Vaults:4)
  The ghost of Unkuwan the Warrior, an adept CoBe of Trog (Elf:3)
  The ghost of Quimia Kaeg the Executioner, an adept MiBe of Trog (Elf:3)
  The ghost of ragingrage the Black Belt, an adept DgSh (Elf:3)
  6 liches
  The ghost of Puowidir the Stormcaller, an adept DEAE of Vehumet (Elf:3)
  2 deep elf blademasters (Elf:3)
  30 Orb Guardians
  5 quicksilver dragons
  2 titans (Vaults:5)
  A searing wretch (Depths:3)
  2 deep elf master archers (Elf:3)
  An Executioner (Zot:5)
  The ghost of Astinus the Severer, an adept MDFi of Uskayaw (Elf:3)
  4 sphinxes
  12 death cobs
  14 storm dragons
  Donald (Snake:2)
  Roxanne (Depths:1)
  9 tengu reavers
  Agnes (Snake:3)
  Aizul (Snake:2)
  4 shadow dragons
  3 fire giants
  2 demonspawn warmongers
  9 nagarajas
  2 draconian monks
  9 frost giants
  5 protean progenitors
  10 deep elf sorcerers
  4 draconian shifters
  9 draconian scorchers
  8 draconian knights
  17 vault wardens
  6 ghost moths
  2 iron dragons (Vaults:5)
  4 balrugs
  Louise (Elf:1)
  4 deep elf elementalists (Elf:3)
  12 ironbound preservers
  A demonspawn corrupter (Zot:1)
  3 reapers
  5 orc warlords
  7 draconian stormcallers
  22 very ugly things
  A formless jellyfish (Vaults:3)
  3 spriggan defenders (Depths:4)
  17 stone giants
  8 draconian annihilators
  9 deep elf death magi
  9 green draconians
  The ghost of Lurir the Spry, a journeyman KoHu of Okawaru (Elf:3)
  The ghost of Adatourgh the Spry, a journeyman KoHu of Okawaru (Elf:3)
  Nessos (D:13)
  8 deep elf demonologists
  3 ironbound thunderhulks
  3 halazid warlocks (Desolation)
  An eleionoma (Swamp:2)
  2 lorocyprocas
  Azrael (D:12)
  3 war gargoyles
  9 black draconians
  5 purple draconians
  13 red draconians
  2 deep elf annihilators
  11 white draconians
  7 yellow draconians
  16 dire elephants
  9 spark wasps
  3 bunyips
  3 green deaths
  A crystal guardian (Vaults:4)
  Josephine (D:11)
  7 ettins
  9 yaktaur captains
  7 fire dragons
  6 ragged hierophants
  10 deep elf high priests
  A shambling mangrove (Swamp:2)
  2 entropy weavers
  7 great orbs of eyes
  3 ice dragons
  9 servants of whispers (Desolation)
  11 hydras
  35 vault guards
  6 salamander tyrants
  6 anacondas
  4 rakshasas
  14 peacekeepers
  A sphinx zombie (Depths:1)
  8 ogre magi
  13 centaur warriors
  9 spriggan air magi
  4 ironbound frosthearts
  2 ghost crabs (Swamp:2)
  3 merfolk avatars (Swamp:4)
  2 hell beasts
  9 boulder beetles
  7 alligators
  5 catoblepae
  30 two-headed ogres
  2 tengu warriors
  4 deep troll shamans
  26 dancing weapons
  8 deep troll earth magi
  An occultist (D:15)
  11 naga sharpshooters
  10 death yaks
  3 orc high priests
  A titan zombie (Depths:1)
  8 shock serpents
  2 soul eaters
  4 spriggan berserkers
  11 naga warriors
  21 deep elf knights
  Sonja (Orc:2)
  Urug (Orc:2)
  2 titan skeletons (Depths:3)
  11 skeletal warriors
  A skyshark (shapeshifter) (Vaults:3)
  Lodul (D:13)
  8 hell knights
  A skyshark (Zot:1)
  3 sun demons
  7 iron trolls
  3 spriggan druids
  3 salamander mystics
  5 bog bodies
  6 arcanists
  15 swamp dragons
  7 deep elf archers
  6 mana vipers
  27 ironbound convokers
  6 glowing orange brains
  2 cherubim
  44 deep trolls
  7 phantasmal warriors
  3 naga ritualists
  2 shadow demons
  An orange crystal statue (Depths:1)
  6 flayed ghosts
  9 orc knights
  A harpy (shapeshifter) (Elf:1)
  11 harpies
  11 necromancers
  5 lindwurms
  4 thermic dynamos
  4 oklob plants (Lair:4)
  23 deep elf pyromancers
  27 deep elf zephyrmancers
  A frost giant zombie (Depths:1)
  21 salamanders
  2 orc sorcerers (Orc:1)
  4 manticores
  2 wolf spiders (Zot:3)
  37 ugly things
  3 cyclopes
  3 will-o-the-wisps
  6 large abominations
  15 moths of wrath
  A moth of wrath (shapeshifter) (Vaults:5)
  A meliai (shapeshifter) (D:14)
  28 black mambas
  A kobold blastminer (Orc:2)
  10 naga magi
  16 guardian serpents
  2 smoke demons
  3 orange demons (Swamp:4)
  19 vault sentinels
  9 apocalypse crabs (Depths:2)
  9 cane toads
  Jeremiah (D:5)
  3 unseen horrors
  2 hellions
  A rime drake (Lair:2)
  An unseen horror (shapeshifter) (D:13)
  4 freezing wraiths
  4 komodo dragons
  26 yaktaurs
  A tormentor (Depths:1)
  2 efreet
  2 tengu conjurers
  A merfolk (shapeshifter) (Vaults:5)
  2 bloated husks
  2 polar bears
  A polar bear (shapeshifter) (Depths:1)
  A queen bee (shapeshifter) (D:15)
  2 trolls (shapeshifter) (D:15)
  10 tyrant leeches
  92 saltlings
  10 hornets
  5 trolls
  A snapping turtle (shapeshifter) (Vaults:5)
  4 blink frogs
  A fire giant simulacrum (Vaults:4)
  5 dream sheep (Lair:4)
  24 slime creatures
  4 air elementals
  A jumping spider (Vaults:3)
  3 shadows
  A ynoxinul (Depths:2)
  8 wraiths
  2 vampires
  10 spriggans
  A wyvern (Lair:2)
  A hog (shapeshifter) (Elf:2)
  16 humans
  8 fire elementals
  A water elemental (Elf:2)
  59 yaks
  3 golden eyes (D:8)
  A yak (shapeshifter) (D:15)
  A basilisk (Lair:2)
  2 redbacks (Vaults:1)
  Menkaure (D:4)
  Grum (Lair:1)
  3 wargs
  A redback (shapeshifter) (Vaults:5)
  7 vampire mosquitoes (D:12)
  A basilisk (shapeshifter) (D:14)
  4 steam dragons
  12 swamp worms
  An acid dragon (D:10)
  35 nagas
  10 water moccasins
  2 hell hounds (D:12)
  Duvessa (D:4)
  A sky beast (D:7)
  2 glowing shapeshifter skeletons
  7 black bears
  16 orc warriors
  2 ice beasts
  3 laughing skulls
  2 swamp drakes (Swamp:3)
  4 boggarts (D:14)
  4 centaurs
  9 wolves
  29 ogres
  A human skeleton (Vaults:4)
  2 phantoms
  3 kobold brigands
  14 bullfrogs
  A gnoll sergeant (D:12)
  A scorpion (D:5)
  3 earth elementals (Elf:3)
  8 wights
  7 small abominations
  13 killer bees
  Dowan (D:4)
  8 howler monkeys
  2 bombardier beetles
  3 hounds
  2 jellies
  21 orc priests
  2 iguanas (D:5)
  3 sleepcaps (D:5)
  16 orc wizards
  12 hell rats
  7 adders
  9 gnolls
  3 white imps
  13 dart slugs
  4 ribbon worms
  90 orcs
  6 bats
  7 endoplasms
  2 giant cockroaches
  5 goblins
  9 hobgoblins
  6 jackals
  15 kobolds
  3 quokkas
  12 ball pythons
  3 frilled lizards
  4 rats
  5 aspiring fleshes
2081 creatures vanquished.

Vanquished Creatures (collateral kills)
  A dread lich (Zot:5)
  An ancient lich (Zot:5)
  A tentacled monstrosity (Vaults:5)
  A nagaraja (Snake:4)
  A vault warden (Vaults:3)
  An orc warlord (Vaults:1)
  3 ironbound preservers
  A green draconian (Zot:3)
  2 black draconians
  2 dire elephants
  A white draconian (Zot:5)
  A purple draconian (Zot:5)
  A servant of whispers (Desolation)
  A ragged hierophant (Desolation)
  A naga warrior (Snake:4)
  2 deep trolls
  An ironbound convoker (Desolation)
  An orc knight (Vaults:4)
  A human skeleton (Vaults:4)
  A fire giant skeleton (Depths:1)
  3 saltlings (Desolation)
  A redback (Vaults:1)
  12 foxfires
41 creatures vanquished.

Vanquished Creatures (others)
  A ragged hierophant (Desolation)
  A large abomination (D:15)
  A deep elf pyromancer (D:15)
  A water elemental (Elf:1)
  427 fire vortices
  1170 foxfires
1601 creatures vanquished.

Grand Total: 3723 creatures vanquished

Notes
Turn   | Place    | Note
-------+----------+-------------------------------------------
     0 | D:1      | Berder the Naga Fire Elementalist began the quest for the
                  | Orb.
     0 | D:1      | Reached XP level 1. HP: 15/15 MP: 3/3
   180 | D:1      | Reached XP level 2. HP: 22/22 MP: 5/5
   191 | D:1      | Learned a level 2 spell: Scorch
   249 | D:1      | Found Qegauheh's Assorted Antiques.
   833 | D:1      | Reached XP level 3. HP: 25/28 MP: 2/6
   936 | D:1      | Bought an orange potion for 27 gold pieces
   936 | D:1      | Bought a scroll labelled YSUOKHL IVUCW for 30 gold pieces
  1319 | D:2      | Reached XP level 4. HP: 36/36 MP: 3/7
  2316 | D:3      | Found an opulent altar of Gozag.
  2415 | D:3      | Noticed Ijyb
  2511 | D:3      | Found a blossoming altar of Fedhas.
  2542 | D:3      | Learned a level 4 spell: Flame Wave
  2675 | D:3      | Reached XP level 5. HP: 42/42 MP: 1/9
  2800 | D:3      | Found an ancient bone altar of Kikubaaqudgha.
  3555 | D:4      | Identified the ring "Veuguwi" {rF+ rC- Int+6 SInv}
  3639 | D:4      | Reached skill level 4 in Fire Magic
  3639 | D:4      | Reached XP level 6. HP: 49/49 MP: 4/10
  3686 | D:4      | Noticed Duvessa
  3697 | D:4      | Killed Duvessa
  3699 | D:4      | Noticed Dowan
  3710 | D:4      | Killed Dowan
  3956 | D:4      | Reached XP level 7. HP: 55/55 MP: 5/12
  4427 | D:4      | Noticed Menkaure
  4432 | D:4      | Killed Menkaure
  4433 | D:4      | Reached skill level 5 in Conjurations
  4433 | D:4      | Reached skill level 5 in Fire Magic
  4489 | D:4      | Found a glowing golden altar of the Shining One.
  4656 | D:5      | Entered Level 5 of the Dungeon
  4708 | D:5      | Reached XP level 8. HP: 51/62 MP: 7/15
  4879 | D:5      | Reached skill level 5 in Spellcasting
  4938 | D:5      | Found Laicsy's Antique Armour Emporium.
  4971 | D:5      | Reached skill level 6 in Fire Magic
  5273 | D:5      | Found a burning altar of Makhleb.
  5901 | D:6      | Found Esho's Antique Weapon Emporium.
  5933 | D:6      | Noticed Jeremiah
  5957 | D:5      | Learned a level 5 spell: Fireball
  6159 | D:6      | Reached XP level 9. HP: 65/68 MP: 5/18
  6164 | D:6      | Reached skill level 7 in Fire Magic
  6324 | D:6      | Found a runed translucent gate.
  6521 | D:6      | Found a runed translucent door.
  6522 | D:6      | Noticed Crazy Yiuf
  6562 | D:6      | Found a runed translucent gate.
  6562 | D:6      | Found a runed translucent gate.
  6758 | D:6      | Noticed RandomusNamus's ghost (novice DjCj)
  6952 | D:6      | Found a snail-covered altar of Cheibriados.
  7163 | D:7      | Noticed a komodo dragon
  7178 | D:7      | Found a staircase to the Ecumenical Temple.
  7187 | Temple   | Entered the Ecumenical Temple
  7198 | Temple   | Became a worshipper of Vehumet
  7328 | D:7      | Killed a komodo dragon
  7329 | D:7      | Reached skill level 8 in Fire Magic
  7462 | D:7      | Found a runed translucent door.
  7465 | D:7      | Noticed aruru's ghost (novice OnWn)
  7985 | D:7      | Identified the +5 ring mail of Blue Skies {rElec Regen+
                  | SInv}
  8845 | D:8      | Reached skill level 9 in Fire Magic
  8845 | D:8      | Reached XP level 10. HP: 69/75 MP: 2/19
  9329 | D:8      | Reached * piety under Vehumet
  9329 | D:8      | Offered knowledge of Freeze by Vehumet.
  9593 | D:9      | Found a hazy altar of Hepliaklqana.
  9910 | D:9      | Found a hide-covered altar of Uskayaw.
  9910 | D:9      | Found a basalt altar of Yredelemnul.
  9914 | D:9      | Found a bloodstained altar of Trog.
  9970 | D:9      | Reached skill level 10 in Conjurations
 10131 | D:9      | Reached skill level 10 in Fire Magic
 10305 | D:9      | Noticed a two-headed ogre
 10310 | D:9      | Killed a two-headed ogre
 10561 | D:9      | Noticed a two-headed ogre
 10568 | D:9      | Killed a two-headed ogre
 10601 | D:9      | Noticed a two-headed ogre
 10609 | D:9      | Killed a two-headed ogre
 10610 | D:9      | Reached skill level 11 in Fire Magic
 10610 | D:9      | Reached XP level 11. HP: 45/81 MP: 4/20
 10972 | D:9      | Found Qixeinipp's Antique Armour Emporium.
 10976 | D:9      | Bought a polished helmet for 237 gold pieces
 10976 | D:9      | Identified the +0 helmet of Paaham {Rampage rF++ Dex-2}
                  | (You bought it in a shop on level 9 of the Dungeon)
 11007 | D:10     | Entered Level 10 of the Dungeon
 11257 | D:10     | Identified the +3 short sword "Xocsafiv" {freeze, Dex+5}
 11268 | D:10     | Found a broken altar of Ashenzari.
 11443 | D:10     | Offered knowledge of Sting by Vehumet.
 11770 | D:10     | Reached ** piety under Vehumet
 12459 | D:11     | Found a staircase to the Orcish Mines.
 12499 | D:11     | Found a staircase to the Lair.
 12520 | D:11     | Noticed a death yak
 12531 | D:11     | Killed a death yak
 12634 | D:11     | Noticed a death yak
 13030 | Lair:1   | Entered Level 1 of the Lair of Beasts
 13082 | Lair:1   | Reached skill level 12 in Fire Magic
 13258 | Lair:1   | Noticed Grum
 13262 | Lair:1   | Killed Grum
 14134 | Lair:2   | Noticed a seven-headed hydra
 14140 | Lair:2   | Killed a seven-headed hydra
 14141 | Lair:2   | Reached XP level 12. HP: 88/88 MP: 1/21
 14274 | Lair:2   | Reached skill level 13 in Fire Magic
 14377 | Lair:2   | Offered knowledge of Dazzling Flash by Vehumet.
 14684 | Lair:2   | Identified the +7 flail "Visej" {pain, rF+ Will+}
 15491 | Lair:3   | Reached *** piety under Vehumet
 15515 | Lair:3   | Gained mutation: You are vulnerable to cold. (rC-) [potion
                  | of mutation]
 15515 | Lair:3   | Gained mutation: You are occasionally teleported next to
                  | monsters. [potion of mutation]
 15516 | Lair:3   | Lost mutation: You are vulnerable to cold. (rC-) [potion of
                  | mutation]
 15516 | Lair:3   | Lost mutation: You are occasionally teleported next to
                  | monsters. [potion of mutation]
 15516 | Lair:3   | Gained mutation: You are somewhat resistant to further
                  | mutation. [potion of mutation]
 15899 | Lair:3   | Reached skill level 14 in Fire Magic
 15907 | Lair:3   | Offered knowledge of Frozen Ramparts by Vehumet.
 16160 | Lair:3   | Found a staircase to the Snake Pit.
 16434 | Lair:3   | Noticed a five-headed hydra
 16442 | Lair:3   | Killed a five-headed hydra
 16582 | Lair:3   | Found a staircase to the Swamp.
 17082 | Lair:4   | Found a staircase to the Slime Pits.
 17194 | Lair:4   | Noticed a five-headed hydra
 17312 | Lair:4   | Killed a five-headed hydra
 17312 | Lair:4   | Reached **** piety under Vehumet
 17376 | Lair:4   | Gained mutation: You can use your snake-like lower body to
                  | constrict enemies. [Naga growth]
 17376 | Lair:4   | Reached XP level 13. HP: 94/94 MP: 4/22
 17727 | Lair:4   | Reached skill level 1 in Fighting
 18497 | Lair:5   | Entered Level 5 of the Lair of Beasts
 18521 | Lair:5   | Offered knowledge of Stone Arrow by Vehumet.
 18528 | Lair:4   | Learned a level 3 spell: Stone Arrow
 18880 | D:11     | Reached skill level 5 in Fighting
 19194 | D:11     | Noticed Josephine
 19199 | D:11     | Killed Josephine
 19749 | D:11     | Found a shadowy altar of Dithmenos.
 20439 | Lair:5   | Learned a level 3 spell: Mephitic Cloud
 20946 | Lair:5   | Found a runed translucent door.
 21849 | Lair:5   | Reached skill level 10 in Fighting
 21868 | Lair:5   | Reached XP level 14. HP: 65/132 MP: 14/24
 21874 | Lair:5   | Reached ***** piety under Vehumet
 22441 | Lair:1   | Offered knowledge of Lee's Rapid Deconstruction by Vehumet.
 23358 | Orc:1    | Entered Level 1 of the Orcish Mines
 23550 | D:11     | Learned a level 9 spell: Fire Storm
 23652 | D:12     | Noticed Azrael
 23780 | D:12     | Killed Azrael
 24351 | D:13     | Found a gate to the Vaults.
 24351 | D:13     | Noticed Lodul
 24351 | D:13     | Found the +11 plutonium sword {^Contam Stlth-}
 24351 | D:13     | Noticed Nessos
 24353 | D:13     | Offered knowledge of Airstrike by Vehumet.
 24427 | D:13     | Killed Lodul
 24428 | D:13     | Reached skill level 15 in Conjurations
 24517 | D:13     | Reached skill level 15 in Fire Magic
 24762 | D:13     | Killed Nessos
 24763 | D:13     | Reached skill level 10 in Spellcasting
 26309 | D:14     | Reached XP level 15. HP: 135/138 MP: 25/29
 27578 | D:14     | Reached skill level 16 in Fire Magic
 27684 | D:15     | Entered Level 15 of the Dungeon
 27781 | D:15     | Offered knowledge of Yara's Violent Unravelling by Vehumet.
 28491 | D:15     | Found a staircase to the Depths.
 29079 | D:15     | Reached skill level 17 in Fire Magic
 29765 | Orc:1    | Found a roughly hewn altar of Beogh.
 30222 | Orc:2    | Entered Level 2 of the Orcish Mines
 30222 | Orc:2    | Found Guryedd's Jewellery Shoppe.
 30222 | Orc:2    | Found Cyacuik's Antique Armour Shop.
 30222 | Orc:2    | Found Hajick's Weapon Boutique.
 30222 | Orc:2    | Found Noles's Armour Shoppe.
 30298 | Orc:2    | Noticed Sonja
 30305 | Orc:2    | Offered knowledge of Starburst by Vehumet.
 30306 | Orc:2    | Reached XP level 16. HP: 146/146 MP: 6/30
 30306 | Orc:2    | Killed Sonja
 30318 | Orc:2    | Noticed Urug
 30330 | Orc:2    | Killed Urug
 30734 | Orc:2    | Bought an embroidered hat for 224 gold pieces
 30897 | Orc:2    | Found a staircase to the Elven Halls.
 31193 | Orc:2    | Bought a masterwork scale mail for 288 gold pieces
 31193 | Orc:2    | Identified the +9 scale mail of Ethics {-Cast Harm *Corrode
                  | Regen+} (You bought it in a shop on level 2 of the Orcish
                  | Mines)
 31359 | Swamp:1  | Entered Level 1 of the Swamp
 31501 | Swamp:1  | Reached skill level 18 in Fire Magic
 33125 | Swamp:2  | Learned a level 6 spell: Starburst
 33923 | Swamp:3  | Offered knowledge of Plasma Beam by Vehumet.
 34391 | Swamp:4  | Entered Level 4 of the Swamp
 34492 | Swamp:4  | Reached XP level 17. HP: 153/153 MP: 18/31
 34721 | Swamp:4  | Reached skill level 19 in Fire Magic
 34872 | Swamp:4  | Upgraded the game from 0.32-a0-747-gc8563f6773 to
                  | 0.32-a0-768-g0f6f1dd4b9
 36298 | Swamp:4  | Noticed the 27-headed Lernaean hydra
 36302 | Swamp:4  | Killed the 27-headed Lernaean hydra
 36520 | Swamp:4  | Got a decaying rune of Zot
 36540 | Swamp:4  | Got the Book of Frostbite and Turbulence
 36679 | Snake:1  | Entered Level 1 of the Snake Pit
 36870 | Snake:1  | Offered knowledge of Iskenderun's Battlesphere by Vehumet.
 37003 | Snake:1  | Found Juhiunn's Distillery.
 37009 | Snake:1  | Bought a potion of curing for 48 gold pieces
 37009 | Snake:1  | Bought a potion of curing for 48 gold pieces
 37009 | Snake:1  | Bought a potion of curing for 48 gold pieces
 37244 | Snake:1  | Found Luliner's Distillery.
 37382 | Snake:1  | Found Lidwuel's Tiny Tomes.
 37804 | Snake:1  | Found Doculaf's Jewellery Shoppe.
 37808 | Snake:1  | Found Fekoam's Antique Armour Emporium.
 37812 | Snake:1  | Bought the ring "Opugulax" {rF+ Str+3 Int+4 Dex+3} for 689
                  | gold pieces
 38489 | Snake:2  | Noticed Donald
 38494 | Snake:2  | Killed Donald
 38754 | Snake:2  | Noticed Nikola
 38765 | Snake:2  | Killed Nikola
 38766 | Snake:2  | Reached skill level 20 in Fire Magic
 38928 | Snake:2  | Identified the +5 quick blade of Joeta {protect, Str+7}
 38930 | Snake:2  | Found a transporter.
 39834 | Snake:2  | Reached XP level 18. HP: 145/160 MP: 19/32
 40089 | Snake:2  | Found a transporter.
 40111 | Snake:2  | Noticed Pooter's ghost (adept MiBe)
 40225 | Snake:2  | Identified the serpent talisman of Tenacity {rElec Str+8
                  | Dex-3 Slay-2}
 40225 | Snake:2  | Noticed Aizul
 40231 | Snake:2  | Killed Aizul
 40989 | Snake:3  | Offered knowledge of Conjure Ball Lightning by Vehumet.
 41113 | Snake:3  | Noticed Bai Suzhen
 41320 | Snake:3  | Killed Bai Suzhen
 41419 | Snake:3  | Noticed Agnes
 41422 | Snake:3  | Killed Agnes
 41834 | Snake:3  | Reached skill level 21 in Fire Magic
 42227 | Snake:1  | Bought a faintly humming robe for 165 gold pieces
 42227 | Snake:1  | Identified the +0 robe "Pank" {rN+ Str+3} (You bought it in
                  | a shop on level 1 of the Snake Pit)
 42227 | Snake:1  | Bought a scorched robe for 165 gold pieces
 42227 | Snake:1  | Identified the +0 robe of Hapoj {+Inv rElec Slay-2} (You
                  | bought it in a shop on level 1 of the Snake Pit)
 42413 | D:5      | Killed Jeremiah
 42440 | D:5      | Bought a shiny helmet for 187 gold pieces
 42711 | Snake:4  | Entered Level 4 of the Snake Pit
 42999 | Snake:4  | Learned a level 3 spell: Passwall
 43100 | Snake:4  | Reached skill level 1 in Earth Magic
 44366 | Snake:4  | Reached XP level 19. HP: 168/168 MP: 24/33
 44656 | Snake:4  | Got a serpentine rune of Zot
 44812 | Vaults:1 | Entered Level 1 of the Vaults
 44832 | Vaults:1 | Reached skill level 1 in Shields
 44937 | Vaults:1 | Found a crumbling gateway.
 44969 | Desolati | Entered the Desolation of Salt
 45339 | Desolati | Reached skill level 5 in Earth Magic
 45405 | Desolati | Reached ****** piety under Vehumet
 45746 | Desolati | Offered knowledge of Lehudib's Crystal Spear by Vehumet.
 45746 | Desolati | Offered knowledge of Polar Vortex by Vehumet.
 45746 | Desolati | Offered knowledge of Ignition by Vehumet.
 45918 | Desolati | Found the +9 staff of Olgreb {rPois∞}
 45963 | Desolati | Identified the +3 pair of boots "Boef" {Dex+4 Slay-3 SInv}
 46266 | Desolati | Identified the amulet "Qisk" {Faith rElec rN+ Regen+ MP+9}
 46397 | Desolati | Identified the ring of the Hecatoncheires {*Corrode +Blink
                  | rElec rF+ Stlth+}
 46482 | Desolati | Reached skill level 22 in Fire Magic
 46501 | Desolati | Reached skill level 5 in Shields
 46739 | Desolati | Got the Reference Book on the Burning Entourage
 46819 | Desolati | Identified the +5 halberd of Mayrosau {venom, Will++ Dex+3}
 46853 | Desolati | Identified the +8 plate armour of Gallantry {Int+8}
 46868 | Desolati | Got the Vellum of the Maledictive End
 47478 | Vaults:1 | Reached XP level 20. HP: 176/176 MP: 22/34
 47915 | Vaults:1 | Identified the +7 long sword of the Immovable Knives {vamp,
                  | rPois rC+++ Str+4 Int-2}
 47943 | Vaults:1 | Found Fitoanty's Antique Armour Emporium.
 48277 | Vaults:1 | Found the Hermit's Pendant {Faith Invo=14 Evo=0 MP+5}
 49411 | Vaults:2 | Found Jaoruole's General Store.
 49417 | Vaults:2 | Bought a wand of digging (8) for 672 gold pieces
 49904 | Vaults:3 | Reached skill level 23 in Fire Magic
 49978 | Vaults:3 | Reached XP level 21. HP: 151/183 MP: 9/35
 50377 | Vaults:3 | Found a staircase to the Crypt.
 50377 | Vaults:3 | Found an ancient bone altar of Kikubaaqudgha.
 50378 | Vaults:3 | Found a basalt altar of Yredelemnul.
 50388 | Vaults:3 | Identified the +2 leather armour of Fanuxan {rN+ Regen+
                  | Str+2}
 50547 | Vaults:3 | Found the +8 storm bow {elec, penet}
 50565 | Vaults:3 | Identified the +0 tower shield "Ufeahiji" {Rampage rElec
                  | Int+3}
 50573 | Vaults:3 | Got the Essays on Calid Conjuration
 50969 | Vaults:4 | Noticed Mennas
 51092 | Vaults:4 | Reached skill level 10 in Shields
 51300 | Vaults:4 | Killed Mennas
 51305 | Vaults:4 | Noticed Jory
 51474 | Vaults:4 | Killed Jory
 51794 | Vaults:4 | Noticed Zenata
 51796 | Vaults:4 | Killed Zenata
 52367 | Vaults:4 | Found a runed translucent gate.
 52367 | Vaults:4 | Found a runed translucent gate.
 52369 | Vaults:4 | Found a runed translucent gate.
 52655 | Vaults:4 | Found Wux Fez's Magic Scroll Boutique.
 52658 | Vaults:4 | Bought a scroll of enchant armour for 150 gold pieces
 52658 | Vaults:4 | Bought a scroll of summoning for 190 gold pieces
 52985 | Elf:1    | Entered Level 1 of the Elven Halls
 53086 | Elf:1    | Paralysed by an air elemental for 1 turns
 53094 | Elf:1    | Identified the dragon-blood talisman of Epips {Int+3 Dex+3
                  | Slay+2}
 53142 | Elf:1    | Reached XP level 22. HP: 177/190 MP: 16/36
 53241 | Elf:1    | Reached skill level 24 in Fire Magic
 53253 | Elf:1    | Noticed Louise
 53255 | Elf:1    | Killed Louise
 54039 | Elf:1    | Learned a level 8 spell: Lehudib's Crystal Spear
 54367 | Elf:2    | Found a runed translucent gate.
 54367 | Elf:2    | Found a runed translucent gate.
 54371 | Elf:2    | Found a runed translucent gate.
 54433 | Elf:2    | Found a runed translucent gate.
 54434 | Elf:2    | Found a runed translucent gate.
 54435 | Elf:2    | Found a runed translucent gate.
 54511 | Elf:2    | Identified the amulet of Duoxkotupa {Acrobat rElec rCorr
                  | Stlth+}
 55287 | Elf:3    | Entered Level 3 of the Elven Halls
 55476 | Elf:3    | Reached skill level 10 in Earth Magic
 55485 | Elf:3    | Found Jaisudda's Armour Boutique.
 55504 | Elf:3    | Found a portal to a secret trove of treasure.
 55505 | Elf:3    | Found a huge runed translucent gate.
 55505 | Elf:3    | Found a huge runed translucent gate.
 55505 | Elf:3    | Found a huge runed translucent gate.
 55505 | Elf:3    | Found a huge runed translucent gate.
 55505 | Elf:3    | Found a huge runed translucent gate.
 55505 | Elf:3    | Found a huge runed translucent gate.
 55505 | Elf:3    | Found a huge runed translucent gate.
 55505 | Elf:3    | Found a huge runed translucent gate.
 55505 | Elf:3    | Found a huge runed translucent gate.
 55505 | Elf:3    | Found a huge runed translucent gate.
 55695 | Elf:3    | Found a huge runed translucent gate.
 55696 | Elf:3    | Found a huge runed translucent gate.
 55696 | Elf:3    | Found a huge runed translucent gate.
 55697 | Elf:3    | Found a huge runed translucent gate.
 55697 | Elf:3    | Found a huge runed translucent gate.
 55697 | Elf:3    | Found a huge runed translucent gate.
 55697 | Elf:3    | Found a huge runed translucent gate.
 55699 | Elf:3    | Found a huge runed translucent gate.
 55700 | Elf:3    | Found a huge runed translucent gate.
 55700 | Elf:3    | Found a huge runed translucent gate.
 55702 | Elf:3    | Found a huge runed translucent gate.
 55703 | Elf:3    | Found a huge runed translucent gate.
 55704 | Elf:3    | Found a huge runed translucent gate.
 55704 | Elf:3    | Found a huge runed translucent gate.
 55718 | Elf:3    | Found a huge runed translucent gate.
 55719 | Elf:3    | Found a huge runed translucent gate.
 55720 | Elf:3    | Found a huge runed translucent gate.
 55721 | Elf:3    | Found a huge runed translucent gate.
 55721 | Elf:3    | Found a huge runed translucent gate.
 55723 | Elf:3    | Found a huge runed translucent gate.
 55727 | Elf:3    | Found a huge runed translucent gate.
 55728 | Elf:3    | Found a huge runed translucent gate.
 55728 | Elf:3    | Found a huge runed translucent gate.
 55730 | Elf:3    | Found a huge runed translucent gate.
 55740 | Elf:3    | Found a huge runed translucent gate.
 55740 | Elf:3    | Found a huge runed translucent gate.
 56057 | Elf:3    | Identified the amulet "Sikukhlyng" {Reflect rF+ Str+3 SH+5
                  | Stlth-}
 56183 | Elf:3    | Identified the amulet of Agecoxuk {Reflect Dex+4 SH+5}
 56321 | Elf:3    | Identified the +8 arbalest "Hayg" {freeze, Dex+6 Stlth-}
 56321 | Elf:3    | Identified the ring of Yzyecusu {rPois EV+5 Dex+4}
 56338 | Elf:3    | Identified the +5 rapier "Naga's Peril" {freeze, rN+ Will+}
                  | (You took it off a deep elf sorcerer on level 3 of the
                  | Elven Halls)
 56447 | Elf:3    | Noticed ragingrage's ghost (adept DgSh)
 56447 | Elf:3    | Noticed Astinus's ghost (adept MDFi)
 56447 | Elf:3    | Noticed Adatourgh's ghost (journeyman KoHu)
 56447 | Elf:3    | Noticed Unkuwan's ghost (adept CoBe)
 56447 | Elf:3    | Noticed Lurir's ghost (journeyman KoHu)
 56447 | Elf:3    | Noticed Quimia Kaeg's ghost (adept MiBe)
 56447 | Elf:3    | Noticed Puowidir's ghost (adept DEAE)
 56449 | Elf:3    | Killed Adatourgh's ghost
 56449 | Elf:3    | Killed Lurir's ghost
 56450 | Elf:3    | Killed ragingrage's ghost
 56450 | Elf:3    | Killed Puowidir's ghost
 56450 | Elf:3    | Killed Astinus's ghost
 56451 | Elf:3    | Reached XP level 23. HP: 185/198 MP: 34/37
 56451 | Elf:3    | Killed Unkuwan's ghost
 56452 | Elf:3    | Killed Quimia Kaeg's ghost
 56484 | Elf:3    | Identified the +8 chain mail of Sizoifi {rElec rPois rF-
                  | Str+3}
 56722 | Depths:1 | Entered Level 1 of the Depths
 56722 | Depths:1 | Noticed Roxanne
 56737 | Depths:1 | Killed Roxanne
 56903 | Depths:1 | Found a gateway to Hell.
 57293 | Depths:1 | Found a one-way gateway to a ziggurat.
 57336 | Depths:1 | Found a one-way gate leading to the halls of Pandemonium.
 58139 | Depths:2 | Found a stormy altar of Qazlal.
 59133 | Depths:2 | Noticed a caustic shrike
 59134 | Depths:2 | Noticed a caustic shrike
 59137 | Depths:2 | Noticed a caustic shrike
 59348 | Depths:2 | Noticed a caustic shrike
 59350 | Depths:2 | Killed a caustic shrike
 59350 | Depths:2 | Killed a caustic shrike
 59350 | Depths:2 | Killed a caustic shrike
 59350 | Depths:2 | Killed a caustic shrike
 59652 | Depths:2 | Identified the +7 whip of the Establishment {heavy, rPois
                  | MP+9}
 59765 | Depths:3 | Noticed Parghit
 59886 | Depths:3 | Identified the +4 robe of the Unbroken {rElec rPois rF++
                  | rC-}
 59886 | Depths:3 | Noticed Boris
 59891 | Depths:3 | Killed Boris
 60046 | Depths:3 | Killed Margery
 60047 | Depths:3 | Killed Parghit
 60083 | Depths:3 | Found a one-way gate to the infinite horrors of the Abyss.
 60183 | Depths:3 | Reached XP level 24. HP: 206/206 MP: 41/41
 60315 | Depths:3 | Identified the +6 short sword "Eshod" {speed, *Rage rCorr
                  | Str+7}
 60407 | Depths:3 | Reached skill level 15 in Spellcasting
 60482 | Depths:3 | Found a transporter.
 60640 | Depths:4 | Entered Level 4 of the Depths
 60748 | Depths:4 | Identified the +2 robe of Fanaticism {Dex+8}
 60748 | Depths:4 | Noticed Boris
 60749 | Depths:4 | Killed Boris
 61406 | Depths:4 | Found a gate to the Realm of Zot.
 61687 | Depths:4 | Found Ecoicw Zurea's Jewellery Boutique.
 61688 | Depths:4 | Found Folyid's Book Shoppe.
 61689 | Depths:4 | Found Kiorr's Jewellery Boutique.
 61696 | Depths:4 | Bought an Everburning Encyclopedia for 646 gold pieces
 61705 | Depths:4 | Learned a level 8 spell: Ignition
 62129 | Vaults:5 | Entered Level 5 of the Vaults
 62139 | Vaults:5 | Noticed an ancient lich
 62144 | Vaults:5 | Killed an ancient lich
 62498 | Vaults:5 | Reached XP level 25. HP: 203/212 MP: 19/44
 62644 | Vaults:5 | Reached skill level 25 in Fire Magic
 62713 | Vaults:5 | Noticed a dread lich
 62717 | Vaults:5 | Killed a dread lich
 62765 | Vaults:5 | Noticed an ancient lich
 62767 | Vaults:5 | Killed an ancient lich
 62994 | Vaults:5 | Got a silver rune of Zot
 63017 | Vaults:5 | Identified the +1 scale mail of Ybbioneng {^Drain rElec rC-
                  | Int+5}
 63074 | Vaults:5 | Identified the ring of Ukufut {rC- EV+5 Str+4}
 63083 | Vaults:5 | Identified the +1 hat of Slovenliness {*Corrode rElec
                  | Regen+ Dex+5}
 63653 | Vaults:5 | Identified the +0 pair of gloves "Meer Dan" {Dex+3 Stlth+}
 63669 | Vaults:5 | Found the ring of the Mage {Wiz Archmagi}
 63677 | Vaults:5 | Identified the ring of Aleaq {rC++ Str+3 Dex+6}
 63720 | Vaults:5 | Identified the +0 plate armour of Syozichaysed {+Blink MP+9
                  | Dex+3}
 63722 | Vaults:5 | Got Paechan's Book of Volcanic Despicable Acts
 63788 | Vaults:5 | Identified the +0 chain mail "Mucrismy" {rElec}
 63886 | Vaults:5 | Found Ryb Fuc's Assorted Antiques.
 64520 | Elf:3    | You paid a toll of +8 gold dragon scales to enter a
                  | treasure trove
 64521 | Trove    | Entered a treasure trove
 64530 | Trove    | Identified the +4 barding of Grace {+Blink}
 64531 | Trove    | Identified the +2 barding of Kuptukk {^Drain Str-5 Dex+9}
 64541 | Trove    | Identified the +4 barding of Tomatuit {rN++}
 64542 | Trove    | Identified the +3 barding "Pukkinn" {rElec Regen+ MP-9}
 64543 | Trove    | Identified the +0 barding of Vermicelli {rCorr MP-9 Int+5
                  | Dex+3}
 64558 | Trove    | Identified the -1 barding of Nooneifi {rPois Dex+6}
 64904 | Zot:1    | Entered Level 1 of the Realm of Zot
 64908 | Zot:1    | Reached skill level 1 in Evocations
 65850 | Zot:3    | Reached XP level 26. HP: 220/220 MP: 31/44
 66044 | Zot:4    | Reached skill level 26 in Fire Magic
 66095 | Zot:5    | Entered Level 5 of the Realm of Zot
 66224 | Zot:5    | Reached skill level 5 in Dodging
 66228 | Zot:5    | Noticed an orb of fire
 66310 | Zot:5    | Killed an orb of fire
 66311 | Zot:5    | Reached skill level 5 in Evocations
 66993 | Zot:4    | Identified the +2 leather armour of the Tick {rPois Dex+3}
 67644 | Zot:4    | Found a basalt altar of Yredelemnul.
 67676 | Zot:4    | Identified the maw talisman of Eternal Vigilance {Str+4
                  | Int+3}
 67943 | Zot:5    | Noticed an ancient lich
 67946 | Zot:5    | Killed an ancient lich
 68015 | Zot:5    | Noticed a Killer Klown
 68016 | Zot:5    | Killed a Killer Klown
 68040 | Zot:5    | Noticed a Killer Klown
 68043 | Zot:5    | Killed a Killer Klown
 68208 | Zot:5    | Noticed a dread lich
 68209 | Zot:5    | Killed a dread lich
 68265 | Zot:5    | Noticed an orb of fire
 68269 | Zot:5    | Killed an orb of fire
 68286 | Zot:5    | Noticed a dread lich
 68288 | Zot:5    | Killed a dread lich
 68395 | Zot:5    | Noticed an ancient lich
 68398 | Zot:5    | Killed an ancient lich
 68399 | Zot:5    | Reached XP level 27. HP: 228/228 MP: 21/45
 68545 | Zot:5    | Reached skill level 27 in Fire Magic
 68572 | Zot:5    | Noticed an ancient lich
 68574 | Zot:5    | Killed an ancient lich
 68594 | Zot:5    | Noticed an orb of fire
 68599 | Zot:5    | Killed an orb of fire
 68647 | Zot:5    | Noticed an ancient lich
 68649 | Zot:5    | Killed an ancient lich
 68933 | Zot:5    | Got the Orb of Zot
 69477 | D:7      | Noticed Rixzoetie the pandemonium lord
 69480 | D:7      | Killed Rixzoetie the pandemonium lord
 69482 | D:7      | Noticed Cesont the pandemonium lord
 69485 | D:7      | Killed Cesont the pandemonium lord
 69686 | D:$      | Escaped with the Orb!

Illustrated notes

Levels and vault maps discovered:
D:1:      lightli_arrival_noodles, layout_basic, serial_shops,
          nicolae_shop_hallway_plus
D:2:      layout_rooms, minmay_3d_cube
D:3:      layout_basic, mainiacjoe_overflow_chevrons,
          mainiacjoe_overflow_brackets, mainiacjoe_overflow_alcove_4, uniq_ijyb
D:4:      kennysheep_slugbush, layout_basic, tso_metal_star, minivault_27,
          serial_bayou_lake_a, uniq_duvessa, uniq_menkaure
D:5:      layout_basic, lemuel_round_altar, serial_shops, nicolae_square_shop
D:6:      lemuel_ice_spiral_2, layout_basic, kennysheep_slug_shrine,
          gammafunk_ghost_icy, serial_shops, shop, uniq_jeremiah,
          uniq_crazy_yiuf_cottage
D:7:      layout_basic, minmay_temple_entry_ruins,
          hellmonk_ghost_happy_afterlife
D:8:      layout_gridville
D:9:      layout_basic, chequers_temple_overflow_statue_of_worship,
          nicolae_hepliaklqana_hazy_memory, serial_shops,
          nicolae_shop_pleasant_corner_grove
D:10:     mumra_celtic_spiral_tile, layout_basic, cheibrodos_ashenzari_chains
D:11:     layout_irregular_city, dpeg_lair_monsters, orc_0_dummy, nrook_uturn,
          nicolae_dithmenos_through_a_glass_darkly, uniq_josephine
D:12:     layout_long_grid, uniq_azrael
D:13:     layout_roguey, david_vaults_3
D:14:     layout_loops_ring, dreamdust_wishing_well
D:15:     gammafunk_enter_depths_forms, layout_basic,
          chequers_serial_rivers_room_a, laboratory
Temple:   bh_familiar_temple
Lair:1:   layout_long_grid, uniq_grum
Lair:2:   layout_loops_ring, chequers_serial_rivers_small_a, patterned_corridor
Lair:3:   layout_cave_pods, minmay_swamp_entry_worms,
          guppyfry_snake_entry_garden, beast_lair_carwin_1,
          infiniplex_staircase_pool_2
Lair:4:   minmay_lair_oklob_tunnel, layout_long_grid, slime_entry_1,
          small_statue_intersection, st_stairs_3, grunt_megastairs_3,
          serial_bayou_shore_b
Lair:5:   evilmike_catoblepas_cave, layout_loops_ring,
          grunt_forest_stairs_basic, chequers_serial_rivers_large_a,
          pdpol_lair_cabin_in_the_woods
Swamp:1:  layout_basic_swamp, evilmike_swamp_ruin_house_1,
          infiniplex_staircase_pool
Swamp:2:  layout_basic_swamp, evilmike_swamp_ruin_house_3
Swamp:3:  layout_falls_marsh, hangedman_swamp_blocks
Swamp:4:  swamp_vile, layout_basic_swamp, swamp_pool_1_2, grunt_lady_of_the_lake
Snake:1:  layout_chambers, serial_shops, nicolae_shop_peninsula, shop, shop,
          shop, library_closet, drop_trap, statue_in_the_mist_lemuel,
          nicolae_shop_i_like_small_books_too
Snake:2:  layout_chambers, gammafunk_ghost_arena, grunt_megastairs_2,
          uniq_nikola, uniq_aizul, uniq_donald
Snake:3:  layout_gridlike, uniq_bai_suzhen, uniq_agnes
Snake:4:  snake_hunt, layout_cave_shapes, st_stairs_7, nicolae_triple_integral
Orc:1:    layout_caves, minmay_orc_temple_c
Orc:2:    st_orc_ogre_mass, layout_diamond_mine, uniq_urug, uniq_sonja
Elf:1:    elf_arrival_002, layout_loops_cross, nicolae_elf_crossing_hall,
          uniq_louise
Elf:2:    elven_hall_of_blades_hangedman_original [mumra_blade_entry_bloodbath],
          layout_loops_corners, nicolae_gammafunk_elf_defective_weapons_storage
Elf:3:    elf_hall_gauntlet_wide, layout_geoelf_grid,
          nicolae_trove_entry_free_sample, serial_shops,
          nicolae_shop_advertising_works [nicolae_subvault_shop_adworks],
          gammafunk_ghost_door_vault
Vaults:1: portal_desolation_entry_nicolae_nacl, v_misc_16,
          regret_index_early_branch_jog, hangedman_vaults_pinch,
          nicolae_vaults_tetromino_L_1, nicolae_vaults_rhombus_5,
          nicolae_vaults_house_1, layout_vaults_omnicross
Vaults:2: ontoclasm_vaults_ligature, nicolae_vaults_mini_display_case,
          nicolae_vaults_closet_pinwheel_6, nicolae_vaults_more_shelving_1,
          hangedman_vaults_corner_blocks, ontoclasm_vaults_fault,
          nicolae_vaults_rhombus_5, layout_vaults_quadrants, serial_shops,
          nicolae_shop_hallway_plus
Vaults:3: minmay_guarded_unrand_secular_launcher, grunt_vaults_funnel,
          hangedman_vaults_corner, nicolae_vaults_big_angled_halls, v_misc_33,
          hangedman_vaults_maws, nicolae_vaults_closet_pinwheel_5,
          vaults_room_large_hall, v_misc_22, v_misc_23,
          vaults_room_grunt_arrival_checkpoint, minmay_crypt_entry_necro_gods,
          hangedman_vaults_stretched_pinwheel, layout_vaults_omnibox
Vaults:4: ploomutoo_gammafunk_ghost_potion_laboratory, v_misc_25,
          vaults_dpeg_cross, v_misc_15, nicolae_vaults_network_periphery,
          nicolae_vaults_hallways_thing, hangedman_vaults_stagger,
          vaults_room_pool, v_misc_27, v_misc_27, nicolae_vaults_what_the_h,
          v_misc_4, layout_vaults_maze, serial_shops, nicolae_shop_rolled_up,
          uniq_jory, uniq_zenata, uniq_mennas
Vaults:5
Depths:1: layout_gridville, enter_ziggurat_d, hell_entry,
          grunt_pan_entry_spiral, chequers_serial_rivers_micro_c, minivault_16,
          hangedman_abyss_or_decor_stabs, kennysheep_decorative_pillar,
          serial_sigils_hangedman_quiver, dpeg_stationary_puzzle
Depths:2: gammafunk_mikee_crab_dinner, layout_basic, serial_aquarium,
          aquarium_bridge_long_joined [aquarium_subvault_bridge,
          aquarium_subvault_window, aquarium_subvault_bridge,
          aquarium_subvault_wall, aquarium_subvault_window,
          aquarium_subvault_bridge], aquarium_bridge_square
          [aquarium_subvault_wall, aquarium_subvault_bridge,
          aquarium_subvault_wall, aquarium_subvault_bridge], aquarium_window_2,
          aquarium_window_2, aquarium_window_1, aquarium_window_1,
          aquarium_view_2b, aquarium_view_2g, aquarium_balcony_5b,
          grunt_qazlal_clouds, rand_demon_pan_entry_4, grunt_hell_entry_dis_old,
          infiniplex_staircase_zigzag_4
Depths:3: gammafunk_its_a_trap, layout_twisted_cross, lightli_too_deep,
          rand_demon_pan_entry_1, abyss_entry, grunt_megastairs_4,
          firewood_loft, infiniplex_staircase_pool_lava, uniq_margery,
          uniq_boris, uniq_parghit
Depths:4: grunt_zot_entry_bicorn, layout_honeycomb, minmay_misc_feat_ornament,
          pf_dread_powers_of_hell, minmay_shop_grove
Zot:1:    minmay_elemental_castle, layout_basic,
          hangedman_zot_decor_unnerving_road, st_small_dragon_hoard_1,
          guppyfry_library_mini
Zot:2:    layout_onion_interference, grunt_ministairs_9, skrybe_zot_glass_3
Zot:3:    kennysheep_room_grid, layout_basic,
          regret_index_zotdec_serpentine_scales
Zot:4:    layout_misc_corridors, regret_index_zotdec_bone_old,
          grunt_megastairs_5
Zot:5:    layout_concentric_octagons

Skill      XL: |  1  2  3  4  5  6  7  8  9 10 11 12 13 14 15 16 17 18 19 20 21 22 23 24 25 26 27 |
---------------+----------------------------------------------------------------------------------+-----
Conjurations   | 2 3 4 5 6 9 11 13 14 15 17 18 20 21 22 23 24 25 26 | 26.1
Spellcasting   | 3 4 6 7 10 14 17 18 19 | 19.3
Fire Magic     | 4 5 6 9 11 12 14 15 17 18 20 21 22 23 24 25 26 27 | 27.0
Fighting       | 10 | 10.0
Earth Magic    | 4 5 12 14 | 14.0
Shields        | 6 9 11 12 | 12.0
Dodging        | 4 6 9 |  9.0
Evocations     | 4 7 8 |  8.0
Stealth        | |  3.0

Action                     |  1- 3 |  4- 6 |  7- 9 | 10-12 | 13-15 | 16-18 | 19-21 | 22-24 | 25-27 || total
---------------------------+-------+-------+-------+-------+-------+-------+-------+-------+-------++-------
  Melee: Unarmed           |     1 |       |       |       |       |       |       |       |       ||     1
         Dagger            |     1 |     1 |       |       |       |       |       |       |       ||     2
         Spear             |       |    31 |       |       |       |       |       |       |       ||    31
         Short sword       |       |       |    14 |    40 |       |       |       |       |       ||    54
         Flail             |       |       |       |    19 |   199 |   156 |    33 |       |       ||   407
         Constrict         |       |       |       |       |    52 |    50 |    21 |     2 |       ||   125
         Staff             |       |       |       |       |       |       |    38 |    10 |       ||    48
         Long sword        |       |       |       |       |       |       |       |     1 |       ||     1
   Cast: Foxfire           |    40 |    99 |   158 |   292 |    71 |    14 |    12 |       |       ||   686
         Scorch            |     5 |    13 |    18 |    19 |     6 |     1 |     2 |       |       ||    64
         Flame Wave        |       |       |    10 |    42 |    56 |    46 |     9 |     1 |     6 ||   170
         Fireball          |       |       |     8 |    56 |   198 |   276 |    75 |    48 |    36 ||   697
         Stone Arrow       |       |       |       |       |   124 |   136 |     7 |    22 |     4 ||   293
         Mephitic Cloud    |       |       |       |       |    21 |    16 |     1 |       |       ||    38
         Starburst         |       |       |       |       |       |    30 |    32 |    28 |    30 ||   120
         Fire Storm        |       |       |       |       |       |    46 |   213 |   261 |   256 ||   776
         Lehudib's Crystal |       |       |       |       |       |       |       |     3 |    30 ||    33
         Passwall          |       |       |       |       |       |       |       |     1 |     7 ||     8
         Ignition          |       |       |       |       |       |       |       |     6 |    10 ||    16
Ability: Spit Poison       |    13 |    11 |    12 |     5 |     8 |     9 |     2 |       |       ||    60
  Evoke: Wand              |       |       |     3 |     6 |     4 |     2 |     4 |     1 |     1 ||    21
    Use: Scroll            |     3 |     5 |       |     6 |    12 |     8 |     7 |     5 |     4 ||    50
         Potion            |     1 |       |       |     6 |     1 |     4 |     1 |     3 |     3 ||    19
   Stab: Sleeping          |     1 |       |     1 |       |       |       |       |       |       ||     2
         Paralysed         |       |       |       |     5 |     2 |     1 |       |       |       ||     8
         Confused          |       |       |       |       |     5 |    10 |     1 |       |       ||    16
 Armour: Robe              |     7 |    43 |    32 |       |       |       |       |       |       ||    82
         Steam dragon scal |       |       |     6 |       |       |    39 |   176 |    94 |    88 ||   403
         Ring mail         |       |       |     3 |   114 |   461 |   418 |       |       |       ||   996
         Skin              |       |       |       |       |       |     1 |       |       |       ||     1
  Dodge: Dodged            |     8 |    29 |    12 |    90 |   230 |   148 |    41 |    10 |    25 ||   593
  Block: Kite shield       |       |       |       |       |       |       |     2 |    32 |    45 ||    79

Table legend: (Time is in decaauts)
 A = Elapsed time spent in this place.
 B = Non-inter-level travel time spent in this place.
 C = Inter-level travel time spent in this place.
 D = Time resting spent in this place.
 E = Time spent auto-exploring this place.
 F = Levels seen in this place.
 G = Mean time per level.
                   A        B        C        D        E       F      G
               +--------+--------+--------+--------+--------+-----+--------+
         Total |  85732 |  78560 |   7172 |  20820 |  38829 |  50 | 1714.6 |
       Dungeon |  27774 |  25010 |   2764 |   7075 |  11948 |  15 | 1851.6 |
        Temple |     28 |      2 |     26 |      0 |      0 |   1 |   28.0 |
          Lair |  10574 |   9256 |   1318 |   2858 |   4526 |   5 | 2114.8 |
         Swamp |   6203 |   5935 |    268 |   2464 |   2317 |   4 | 1550.8 |
     Snake Pit |   9497 |   8801 |    696 |   2509 |   4473 |   4 | 2374.2 |
  Orcish Mines |   2345 |   2076 |    269 |    233 |   1201 |   2 | 1172.5 |
   Elven Halls |   4743 |   4438 |    305 |    738 |   2498 |   3 | 1581.0 |
        Vaults |  10103 |   9406 |    697 |   1740 |   5705 |   5 | 2020.6 |
        Depths |   6786 |   6319 |    467 |   1231 |   4017 |   4 | 1696.5 |
           Zot |   5049 |   4690 |    359 |   1286 |   1484 |   5 | 1009.8 |
         Trove |    133 |    133 |      0 |      0 |      5 |   1 |  133.0 |
    Desolation |   2491 |   2491 |      0 |    686 |    652 |   1 | 2491.0 |
               +--------+--------+--------+--------+--------+-----+--------+

Top non-repeatable levels by time:
 Snake:2: 3074 daAuts
    D:15: 2646 daAuts
Vaults:4: 2575 daAuts
  Lair:5: 2540 daAuts
 Swamp:4: 2514 daAuts
Desolation: 2491 daAuts
    D:11: 2433 daAuts
  Lair:3: 2398 daAuts
 Snake:1: 2388 daAuts
Depths:2: 2345 daAuts
  Lair:4: 2340 daAuts
    D:14: 2294 daAuts
 Snake:4: 2192 daAuts
    D:10: 2153 daAuts
   Zot:5: 2142 daAuts
